[Event "Titled Tuesday Blitz August 16 Late 2022"]
[White "Salem, A.R. Saleh"]
[Black "Wu, Rochelle"]
[WhiteFideId "9301348"]
[BlackFideId "30908132"]
[WhiteElo "2674"]
[BlackElo "2168"]
[Result "1-0"]
[Round "04"]
[TimeControl "180+1"]
[Date "2022.08.16"]
[WhiteClock "0:02:50"]
[BlackClock "0:00:35"]

1. d4 d5 2. c4 c6 3. Nc3 Nf6 4. Nf3 e6 5. Bg5 dxc4 6. e4 b5 7. e5 h6 8. Bh4 g5 9. Bg3 Nd5 10. Be2 Bb4 11. Qc2 Nxc3 12. bxc3 Be7 13. h4 g4 14. Nd2 h5 15. Ne4 Bb7 16. a4 Nd7 17. Rb1 a6 18. Bxc4 Nb6 19. Bd3 Nxa4 20. O-O c5 21. Nd6+ Bxd6 22. exd6 Rc8 23. d5 c4 24. dxe6 fxe6 25. Bg6+ Kd7 26. Qxa4 bxa4 27. Rxb7+ Kc6 28. Be4+ Kc5 29. d7 Rc6 30. Rd1 Rg8 31. f3 1-0


[Site "https://www.chess.com"]

[Event "Titled Tuesday Blitz August 16 Late 2022"]
[White "Sanchez, Robert"]
[Black "Nozdrachev, Leonid"]
[WhiteFideId "2034360"]
[BlackFideId "24113433"]
[WhiteElo "1966"]
[BlackElo "2100"]
[Result "0-1"]
[Round "04"]
[TimeControl "180+1"]
[Date "2022.08.18"]
[WhiteClock "0:00:00"]
[BlackClock "0:00:00"]

1. e4 c5 2. Nf3 e6 3. d4 cxd4 4. Nxd4 Nf6 5. Nc3 d6 6. Be3 Be7 7. f3 O-O 8. Qd2 Bd7 9. O-O-O Nc6 10. g4 Rc8 11. h4 d5 12. Nxc6 Bxc6 13. e5 d4 14. Bxd4 Nxg4 15. Qg2 Nh6 16. Be3 Nf5 17. Rxd8 Rfxd8 18. Bf2 Bb4 19. Bd3 Ne7 20. Rg1 g6 21. Ne4 Rxd3 22. cxd3 Bxe4+ 23. Kb1 Bxd3+ 24. Ka1 Rc2 25. Qg3 Nf5 26. Qf4 Rc4 27. Qg5 Be7 28. Qd2 Rc2 29. Qxd3 Rxf2 30. h5 Kg7 31. Qd7 Rxf3 32. hxg6 hxg6 33. Rh1 Bh4 34. Qxb7 Re3 35. Qxa7 g5 36. Qb8 Re4 37. a3 g4 38. Qb7 Rf4 39. Rxh4 Nxh4 40. Qe7 Ng6 41. Qg5 Re4 42. Ka2 Kf8 43. Qd8+ Kg7 44. Qg5 Kh7 45. Qh5+ Kg8 46. Qg5 Kg7 47. Qf6+ Kh6 48. Qxf7 Rxe5 49. Qf2 Kg5 50. Qg3 Rf5 51. Qe3+ Rf4 52. Qxe6 g3 53. Qd5+ Kg4 54. Qg2 Rf2 55. Qe4+ Nf4 56. Qe8 g2 57. Qc8+ Kf3 58. Qg8 Rf1 59. a4 g1=Q 60. Qxg1 Rxg1 61. a5 Rg5 62. b4 Nd3 63. Kb3 Nxb4 64. Kxb4 Ke4 65. a6 Kd5 66. Kb5 Kd6+ 67. Kb6 Rg1 68. a7 Rb1+ 69. Ka6 Kc7 70. a8=Q Ra1+ 71. Kb5 Rxa8 0-1


[Site "https://www.chess.com"]

[Event "Titled Tuesday Blitz August 16 Late 2022"]
[White "Sokolovsky, Yahli"]
[Black "Djordjevic, Vuk"]
[WhiteFideId "2820242"]
[BlackFideId "902098"]
[WhiteElo "1867"]
[BlackElo "2456"]
[Result "0-1"]
[Round "04"]
[TimeControl "180+1"]
[Date "2022.08.16"]
[WhiteClock "0:00:02"]
[BlackClock "0:00:08"]

1. b3 e5 2. Bb2 Nc6 3. e3 g6 4. f4 Bg7 5. Nf3 d6 6. Bb5 Bd7 7. Bxc6 Bxc6 8. O-O Nh6 9. Na3 O-O 10. fxe5 Ng4 11. Nc4 b5 12. Na5 Bxf3 13. Qxf3 Qh4 14. h3 Nxe5 15. Qd5 Qb4 16. Bc3 Qa3 17. Qxb5 Rab8 18. Qd5 c6 19. Nxc6 Nxc6 20. Qxc6 Rbc8 21. Qd5 Bxc3 22. dxc3 Rxc3 23. Qd2 Qc5 24. Rad1 Rxc2 25. Qxd6 Qxe3+ 26. Kh1 Rxa2 27. Qf6 Qe2 28. Qc6 Qe7 29. Rde1 Qb4 30. Re8 Rd2 31. Rxf8+ Qxf8 32. Qc4 Rd7 33. Qc6 Qd8 34. Qf3 Qe7 35. Qa8+ Rd8 36. Qf3 Rb8 37. Qd5 Rd8 38. Qf3 Kg7 39. Qc3+ f6 40. Rc1 Rd6 41. Re1 Qd7 42. Qe3 Kf7 43. Qe2 Re6 44. Qc4 Qe7 45. Rd1 h5 46. Qd5 Kg7 47. Qd2 Re2 48. Qc3 Re3 49. Qd2 Qe4 50. Rf1 Rxh3+ 51. Kg1 Qe3+ 52. Qxe3 Rxe3 53. Ra1 Rxb3 54. Rxa7+ Kh6 55. Ra6 Kg5 56. Kh2 h4 57. Ra5+ f5 58. Rc5 Kg4 59. Rc6 g5 60. Rc2 h3 61. gxh3+ Rxh3+ 62. Kg2 f4 63. Rc5 f3+ 64. Kg1 Rg3+ 65. Kf1 Rg2 66. Rd5 Kf4 67. Rd8 g4 68. Rd1 Kg3 69. Ra1 Rh2 0-1


[Site "https://www.chess.com"]

[Event "Titled Tuesday Blitz August 16 Late 2022"]
[White "Solon, Nathan"]
[Black "Omariev, Maksim"]
[WhiteFideId "2017229"]
[BlackFideId "4193423"]
[WhiteElo "2306"]
[BlackElo "2304"]
[Result "0-1"]
[Round "04"]
[TimeControl "180+1"]
[Date "2022.08.18"]
[WhiteClock "0:00:00"]
[BlackClock "0:00:00"]

1. e4 c5 2. Nf3 d6 3. d3 Nc6 4. g3 g6 5. Bg2 Bg7 6. O-O e5 7. c3 Nge7 8. a3 a5 9. a4 h6 10. Na3 Be6 11. Nb5 O-O 12. d4 cxd4 13. cxd4 Bc4 14. Re1 Bxb5 15. axb5 Nxd4 16. Nxd4 exd4 17. Qd3 Qb6 18. b3 Rfc8 19. Bb2 d5 20. e5 Nf5 21. Bxd5 Rc5 22. Bc4 Rxe5 23. Rxe5 Bxe5 24. Re1 Bf6 25. Bc1 Kg7 26. h4 a4 27. h5 a3 28. hxg6 fxg6 29. Qe4 Nd6 30. Qe6 Nxc4 31. Qd7+ Kh8 32. bxc4 a2 33. Bb2 Qc5 34. Qf7 Qf5 35. Re8+ Rxe8 36. Qxe8+ Kh7 37. Qf7+ Bg7 38. Qxf5 gxf5 39. c5 d3 40. Ba1 Bxa1 41. c6 bxc6 42. bxc6 Be5 0-1


[Site "https://www.chess.com"]

[Event "Titled Tuesday Blitz August 16 Late 2022"]
[White "Sourath Biswas"]
[Black "Rosenberg, Evan S"]
[WhiteFideId "35091484"]
[BlackFideId "2019299"]
[WhiteElo "1777"]
[BlackElo "1999"]
[Result "1-0"]
[Round "04"]
[TimeControl "180+1"]
[Date "2022.08.18"]
[WhiteClock "0:00:00"]
[BlackClock "0:00:00"]

1. d4 Nf6 2. Bf4 b6 3. Nc3 Bb7 4. f3 d5 5. e4 e6 6. Nb5 Na6 7. e5 Nd7 8. Nh3 h6 9. Bd3 Nb4 10. Be2 a6 11. a3 axb5 12. axb4 Bxb4+ 13. c3 Be7 14. Bxb5 O-O 15. O-O c6 16. Bd3 Rxa1 17. Qxa1 Qa8 18. Qc1 Ba6 19. Bxa6 Qxa6 20. Rd1 c5 21. Nf2 cxd4 22. cxd4 Rc8 23. Qd2 Qa5 24. Qxa5 bxa5 25. Rc1 Rxc1+ 26. Bxc1 Nb6 27. Nd3 Nc4 28. b3 Nb6 29. Bd2 a4 30. bxa4 Nxa4 31. Kf2 Nb6 32. Bb4 Kf8 33. Bc5 Nc4 34. f4 Ke8 35. g4 Bh4+ 36. Ke2 Bd8 37. f5 Kd7 38. Bf8 g6 39. fxg6 fxg6 40. Bxh6 Bb6 41. Be3 Ke7 42. h4 Kf7 43. h5 gxh5 44. gxh5 Kg7 45. Nf4 Kf7 46. h6 Ba7 47. Nxe6 Bb8 48. h7 Nxe3 49. Kxe3 Kxe6 50. h8=Q Bc7 51. Qf6+ Kd7 52. e6+ Kc6 53. e7+ Kd7 54. Qf7 Bd6 55. e8=Q# 1-0


[Site "https://www.chess.com"]

[Event "Titled Tuesday Blitz August 16 Late 2022"]
[White "Stanojoski, Zvonko"]
[Black "Moore, Alex"]
[WhiteFideId "15000257"]
[BlackFideId "30910692"]
[WhiteElo "2364"]
[BlackElo "1912"]
[Result "1-0"]
[Round "04"]
[TimeControl "180+1"]
[Date "2022.08.18"]
[WhiteClock "0:00:00"]
[BlackClock "0:00:00"]

1. c4 e6 2. g3 d5 3. Bg2 dxc4 4. Nf3 Nf6 5. Qa4+ Nbd7 6. O-O a6 7. Qxc4 b5 8. Qc2 Bb7 9. a4 b4 10. a5 c5 11. d3 Bd6 12. Nbd2 O-O 13. Nc4 Bc7 14. Bf4 Bxf4 15. gxf4 Nd5 16. e3 Nb8 17. Rfd1 Nc6 18. d4 cxd4 19. Nxd4 Nxd4 20. Rxd4 Qf6 21. Nd6 e5 22. fxe5 Qxe5 23. Nxb7 1-0


[Site "https://www.chess.com"]

[Event "Titled Tuesday Blitz August 16 Late 2022"]
[White "Tatarinov, Dmitry"]
[Black "Krzywda, Andrzej"]
[WhiteFideId "24160067"]
[BlackFideId "1114565"]
[WhiteElo "2324"]
[BlackElo "2098"]
[Result "1-0"]
[Round "04"]
[TimeControl "180+1"]
[Date "2022.08.18"]
[WhiteClock "0:00:00"]
[BlackClock "0:00:00"]

1. e4 c5 2. Nf3 Nc6 3. c3 e5 4. d4 cxd4 5. cxd4 exd4 6. Nxd4 Bb4+ 7. Bd2 Qe7 8. Nxc6 Qxe4+ 9. Be2 dxc6 10. O-O Be6 11. Nc3 Qh4 12. g3 Qe7 13. Re1 Nf6 14. Bc4 O-O 15. Bxe6 fxe6 16. Qb3 Rae8 17. Re2 Bxc3 18. bxc3 Nd5 19. c4 Nf6 20. Rae1 Qf7 21. Bb4 b6 22. Bxf8 Kxf8 23. c5 Nd5 24. cxb6 axb6 25. Qc2 Kg8 26. Qxc6 Nb4 27. Qc4 Qf8 28. Rxe6 Rxe6 29. Qxe6+ Kh8 30. Qe7 Qxe7 31. Rxe7 h6 32. a4 1-0


[Site "https://www.chess.com"]

[Event "Titled Tuesday Blitz August 16 Late 2022"]
[White "Thiel, Thomas"]
[Black "Yedidia, Daniel"]
[WhiteFideId "4615964"]
[BlackFideId "30905907"]
[WhiteElo "2230"]
[BlackElo "2054"]
[Result "1/2-1/2"]
[Round "04"]
[TimeControl "180+1"]
[Date "2022.08.18"]
[WhiteClock "0:00:00"]
[BlackClock "0:00:00"]

1. e4 e5 2. Nf3 Nc6 3. d4 exd4 4. Nxd4 Nf6 5. Nxc6 bxc6 6. e5 Qe7 7. Qe2 Nd5 8. h4 a5 9. g3 Ba6 10. c4 g6 11. Qe4 Nb6 12. Nd2 Bg7 13. Nf3 d5 14. cxd5 cxd5 15. Qc2 Bxf1 16. Kxf1 O-O 17. Bg5 Qd7 18. Kg2 Nc4 19. Rhe1 Rfe8 20. Bf4 Rab8 21. b3 Na3 22. Qd3 Qb5 23. Qxb5 Nxb5 24. Rac1 Rbc8 25. Rc5 c6 26. Rec1 d4 27. Rxc6 Rxc6 28. Rxc6 Nc3 29. Rd6 Nxa2 30. Rxd4 Nb4 31. Bd2 Nc6 32. Rd5 Rb8 33. Bxa5 Rxb3 34. Rc5 Nxa5 35. Rxa5 h6 36. Ra7 Rb5 37. Re7 Kf8 38. Ra7 Bxe5 39. Nxe5 Rxe5 40. Ra6 Kg7 1/2-1/2


[Site "https://www.chess.com"]

[Event "Titled Tuesday Blitz August 16 Late 2022"]
[White "Urazayev, Arystanbek"]
[Black "So, Wesley"]
[WhiteFideId "13709810"]
[BlackFideId "5202213"]
[WhiteElo "2441"]
[BlackElo "2763"]
[Result "0-1"]
[Round "04"]
[TimeControl "180+1"]
[Date "2022.08.16"]
[WhiteClock "0:00:07"]
[BlackClock "0:00:22"]

1. e4 e5 2. Nf3 Nc6 3. Bb5 Nf6 4. d3 Bc5 5. c3 O-O 6. O-O Re8 7. Bg5 a6 8. Ba4 h6 9. Bh4 d6 10. Nbd2 Ba7 11. Re1 g5 12. Bg3 Nh7 13. d4 h5 14. h3 h4 15. Bh2 g4 16. hxg4 Bxg4 17. dxe5 dxe5 18. Bxc6 bxc6 19. Nc4 Qxd1 20. Rexd1 f6 21. Rd3 a5 22. Nxh4 Ng5 23. Re1 Be6 24. b3 Bxc4 25. bxc4 Red8 26. Red1 Rxd3 27. Rxd3 Nxe4 28. Bg3 Rb8 29. Nf5 Bxf2+ 30. Bxf2 Rb1+ 31. Kh2 Rh1+ 32. Kxh1 Nxf2+ 33. Kg1 Nxd3 34. Ne7+ Kf7 35. Nxc6 a4 36. Kf1 Ke6 37. Nb4 Nc5 38. Ke2 f5 39. Nd5 c6 40. Nb4 Kd6 41. Ke3 Ne6 42. Nd3 Nc5 43. Nb4 Ne6 44. Nd3 e4 45. Nb4 Kc5 46. g4 fxg4 47. Kxe4 Nd8 48. Kf4 Kxc4 49. Kxg4 Kxc3 50. Na6 Kb2 51. Kf3 Kxa2 52. Ke2 a3 53. Kd2 Kb1 54. Nb4 a2 55. Nc2 a1=Q 56. Nxa1 Kxa1 57. Kc3 Ka2 58. Kb4 Kb2 0-1


[Site "https://www.chess.com"]

[Event "Titled Tuesday Blitz August 16 Late 2022"]
[White "Van Dael, Siem"]
[Black "Lamaze, Simon"]
[WhiteFideId "1049771"]
[BlackFideId "36069264"]
[WhiteElo "2110"]
[BlackElo "2131"]
[Result "1-0"]
[Round "04"]
[TimeControl "180+1"]
[Date "2022.08.18"]
[WhiteClock "0:00:00"]
[BlackClock "0:00:00"]

1. e4 c5 2. Nf3 Nc6 3. d4 cxd4 4. Nxd4 Nf6 5. Nc3 d6 6. Bg5 a6 7. Qd2 Bd7 8. O-O-O e6 9. f3 Nxd4 10. Qxd4 Be7 11. h4 Qc7 12. Kb1 b5 13. g4 O-O 14. Qd2 b4 15. Ne2 Rfc8 16. Nd4 a5 17. Bd3 a4 18. Qxb4 Rab8 19. Qd2 h6 20. Be3 d5 21. e5 Bb4 22. Qc1 Bc3 23. b3 axb3 24. cxb3 Ne8 25. f4 Qa5 26. Nc2 Ba4 27. Qa3 Nc7 28. Kc1 d4 29. Qxa4 Qxa4 30. bxa4 dxe3 31. Nxe3 Bb2+ 32. Kd2 Ba3 33. Rb1 Bb4+ 34. Ke2 Rd8 35. Rb3 Bc5 36. Rc1 Bxe3 37. Kxe3 Nd5+ 38. Kf3 Ra8 39. Bb5 Rf8 40. Bc6 Ra5 41. Rd3 Nb4 42. Rd4 Na6 43. Bb5 f6 44. Rc6 fxe5 45. Re4 exf4 46. Rxa6 Rxa6 47. Bxa6 g5 48. Bc4 Rc8 49. Bxe6+ 1-0


[Site "https://www.chess.com"]

[Event "Titled Tuesday Blitz August 16 Late 2022"]
[White "Vargas, Mauricio"]
[Black "Lopez Perdomo, Juan David"]
[WhiteFideId "4404572"]
[BlackFideId "4405137"]
[WhiteElo "2004"]
[BlackElo "1965"]
[Result "0-1"]
[Round "04"]
[TimeControl "180+1"]
[Date "2022.08.18"]
[WhiteClock "0:00:00"]
[BlackClock "0:00:00"]

1. e4 e6 2. f4 d5 3. e5 c5 4. Nf3 Nh6 5. Bb5+ Bd7 6. Bxd7+ Nxd7 7. O-O Be7 8. d3 O-O 9. Qe1 f5 10. exf6 Rxf6 11. h3 Bd6 12. Ng5 Qe7 13. g4 Raf8 14. f5 exf5 15. Qh4 fxg4 16. Rxf6 Qxf6 17. Qe1 Ne5 18. Nc3 Nhf7 19. Nxd5 Qg6 20. Qh4 Nxg5 21. Bxg5 Nf3+ 22. Kg2 Nxh4+ 23. Bxh4 gxh3+ 24. Kxh3 Rf3+ 25. Bg3 Qxg3# 0-1


[Site "https://www.chess.com"]

[Event "Titled Tuesday Blitz August 16 Late 2022"]
[White "Vasquez Schroeder, Rodrigo"]
[Black "Kruckenhauser, Arthur"]
[WhiteFideId "3400042"]
[BlackFideId "1642812"]
[WhiteElo "2567"]
[BlackElo "2218"]
[Result "0-1"]
[Round "04"]
[TimeControl "180+1"]
[Date "2022.08.16"]
[WhiteClock "0:00:15"]
[BlackClock "0:00:05"]

1. e4 e5 2. Nf3 Nc6 3. Bb5 a6 4. Ba4 Nf6 5. O-O Nxe4 6. d4 b5 7. Bb3 d5 8. dxe5 Be6 9. c3 Bc5 10. Qd3 O-O 11. Be3 f6 12. Nbd2 Nxd2 13. Qxd2 Bxe3 14. Qxe3 Nxe5 15. Nxe5 fxe5 16. Qxe5 Bf7 17. Rad1 c6 18. Rfe1 Qd7 19. Bc2 Rae8 20. Qd4 Rxe1+ 21. Rxe1 Re8 22. Rxe8+ Qxe8 23. Kf1 Bg6 24. Bd1 a5 25. a4 bxa4 26. Bxa4 Qe6 27. f3 h6 28. Kf2 Qd6 29. Qb6 Qxh2 30. Bxc6 Qh4+ 31. Ke2 Qc4+ 32. Ke1 Kh7 33. Qb5 Qh4+ 34. Kf1 d4 35. Qc4 Qh1+ 36. Kf2 d3 37. Be4 Qh4+ 38. Ke3 Qg5+ 39. Kxd3 Qxg2 40. Bxg6+ Qxg6+ 41. Ke3 Qg1+ 42. Kd2 Qf2+ 43. Qe2 Qxe2+ 44. Kxe2 Kg6 45. b4 a4 46. b5 a3 47. b6 a2 48. b7 a1=Q 49. b8=Q Qxc3 50. Qg3+ Kh7 51. Qf4 Qf6 52. Qe4+ Qg6 53. Qd5 h5 54. Kf2 Kh6 55. Qd4 Qg5 56. f4 Qh4+ 57. Kf3 Qh3+ 58. Ke4 Qg2+ 59. Ke5 Qg6 60. Qf2 Qf6+ 61. Ke4 h4 62. Kf3 g5 63. Kg4 Qe6+ 64. f5 Qe4+ 65. Kh3 Qh1+ 66. Kg4 Qe4+ 67. Kh3 Kh5 68. Qc5 Qh1# 0-1


[Site "https://www.chess.com"]

[Event "Titled Tuesday Blitz August 16 Late 2022"]
[White "Voege, Tobias"]
[Black "Pourkashiyan, Atousa"]
[WhiteFideId "1270513"]
[BlackFideId "12502014"]
[WhiteElo "2360"]
[BlackElo "2247"]
[Result "1-0"]
[Round "04"]
[TimeControl "180+1"]
[Date "2022.08.18"]
[WhiteClock "0:00:00"]
[BlackClock "0:00:00"]

1. e4 c5 2. Nf3 e6 3. d4 cxd4 4. Nxd4 a6 5. c4 Nf6 6. Nc3 Bb4 7. Bd3 Nc6 8. Ne2 Qc7 9. O-O Ne5 10. b3 Nfg4 11. Bf4 Bd6 12. Bg3 h5 13. h3 h4 14. Bxe5 Nxe5 15. f4 Nxd3 16. Qxd3 b6 17. e5 Be7 18. Ne4 Bb7 19. N2c3 O-O-O 20. Nd6+ Bxd6 21. exd6 Qc6 22. Rf2 f5 23. Qd4 g5 24. fxg5 Rdg8 25. Qf6 Rh7 26. Re1 Rhg7 27. Ree2 Rxg5 28. Kf1 R5g6 29. Qxh4 Rg3 30. Na4 Qxd6 31. Qf4 Qd1+ 32. Re1 Qd3+ 33. Kg1 Qc2 34. Rxc2 Rxg2+ 35. Rxg2 Rxg2+ 36. Kf1 Rxa2 37. Nxb6+ Kd8 38. Qd6 Bc6 39. Rxe6 Ra1+ 40. Kf2 Ra2+ 41. Kg3 Rg2+ 42. Kf4 Rg4+ 43. Kxf5 Rg5+ 44. Kxg5 1-0


[Site "https://www.chess.com"]

[Event "Titled Tuesday Blitz August 16 Late 2022"]
[White "Wachinger, Guenther"]
[Black "Kopczynski, Michal"]
[WhiteFideId "4604261"]
[BlackFideId "1124200"]
[WhiteElo "2212"]
[BlackElo "2235"]
[Result "1/2-1/2"]
[Round "04"]
[TimeControl "180+1"]
[Date "2022.08.18"]
[WhiteClock "0:00:00"]
[BlackClock "0:00:00"]

1. e4 c5 2. Nf3 d6 3. d4 cxd4 4. Nxd4 Nf6 5. Nc3 g6 6. Be3 Bg7 7. f3 O-O 8. Qd2 Nc6 9. O-O-O d5 10. Kb1 e5 11. Nxc6 bxc6 12. exd5 cxd5 13. Nxd5 Be6 14. Bc4 Rb8 15. Nxf6+ Qxf6 16. Bxe6 Qxe6 17. Qd5 e4 18. b3 Qa6 19. Qxe4 Rfe8 20. Qf4 Qa3 21. Bd4 Rb4 22. c3 Rxb3+ 23. axb3 Qxb3+ 24. Kc1 Qa3+ 25. Kc2 Qa2+ 26. Kc1 Qa3+ 27. Kc2 Qa2+ 28. Kc1 Qa3+ 1/2-1/2


[Site "https://www.chess.com"]

[Event "Titled Tuesday Blitz August 16 Late 2022"]
[White "Winkels, Marcel"]
[Black "Capp, Stephen"]
[WhiteFideId "1003887"]
[BlackFideId "2027089"]
[WhiteElo "1900"]
[BlackElo "1920"]
[Result "0-1"]
[Round "04"]
[TimeControl "180+1"]
[Date "2022.08.18"]
[WhiteClock "0:00:00"]
[BlackClock "0:00:00"]

1. e4 e5 2. Nf3 d5 3. Nxe5 Bd6 4. d4 dxe4 5. Qh5 Qe7 6. Bc4 Be6 7. Bxe6 Qxe6 8. Qg4 Bxe5 9. Qxe6+ fxe6 10. dxe5 Nc6 11. Nc3 Nxe5 12. Nxe4 O-O-O 13. O-O h6 14. Bf4 Nc6 15. Nc5 e5 16. Be3 Nf6 17. Rad1 Nd4 18. c3 Nf5 19. Ne6 Rde8 20. Nc5 Ng4 21. Rfe1 Ngxe3 22. fxe3 Nd6 23. e4 Rhf8 24. Rd2 b6 25. Nd3 Rf6 26. Rf2 c5 27. Rxf6 gxf6 28. Nf2 Nc4 29. b3 Nd6 30. Ng4 f5 31. exf5 Nxf5 32. Rxe5 Rf8 33. h3 h5 34. Nf2 h4 35. Ng4 Ng3 36. Re1 Rd8 37. a4 Rd3 38. Re7 Rd1+ 39. Kf2 Rf1+ 40. Ke3 Re1+ 0-1


[Site "https://www.chess.com"]

[Event "Titled Tuesday Blitz August 16 Late 2022"]
[White "Winterberg, Lukas"]
[Black "Pinheiro, Iung Alicio de O."]
[WhiteFideId "24622702"]
[BlackFideId "2104350"]
[WhiteElo "2349"]
[BlackElo "2283"]
[Result "0-1"]
[Round "04"]
[TimeControl "180+1"]
[Date "2022.08.16"]
[WhiteClock "0:00:02"]
[BlackClock "0:00:17"]

1. d4 Nf6 2. Nf3 g6 3. c4 Bg7 4. Nc3 d6 5. e4 O-O 6. Be2 Nbd7 7. h3 e5 8. d5 Nc5 9. Qc2 a5 10. g4 c6 11. Be3 cxd5 12. cxd5 Bd7 13. Nd2 a4 14. g5 Ne8 15. h4 Qa5 16. Nc4 Qc7 17. Na3 Qa5 18. Nc4 Qd8 19. Na3 Nc7 20. h5 b5 21. Naxb5 Nxb5 22. Bxb5 Bxb5 23. Nxb5 Qa5+ 24. Nc3 Rfc8 25. hxg6 hxg6 26. O-O a3 27. bxa3 Nxe4 28. Qxe4 Qxc3 29. Rac1 Qxa3 30. f4 Rxc1 31. Bxc1 Qa4 32. Qxa4 Rxa4 33. f5 gxf5 34. Rxf5 Rxa2 35. Be3 Ra5 36. Rf2 Rxd5 37. Rc2 Kh7 38. Kf2 Kg6 39. Kf3 Ra5 40. Rc7 d5 41. Rd7 f5 0-1


[Site "https://www.chess.com"]

[Event "Titled Tuesday Blitz August 16 Late 2022"]
[White "Xu, Jeffrey"]
[Black "Dilanyan, Grigor"]
[WhiteFideId "2617110"]
[BlackFideId "13303570"]
[WhiteElo "2047"]
[BlackElo "2264"]
[Result "0-1"]
[Round "04"]
[TimeControl "180+1"]
[Date "2022.08.18"]
[WhiteClock "0:00:00"]
[BlackClock "0:00:00"]

1. b4 d6 2. h3 e5 3. g4 h5 4. Bg2 hxg4 5. hxg4 Rxh1 6. Bxh1 Qh4 7. Bf3 e4 8. Bg2 Qxg4 9. Kf1 Nc6 10. b5 Ne5 11. Nc3 f5 12. d3 Nf6 13. dxe4 fxe4 14. Qd4 Bf5 15. Be3 a6 16. bxa6 Rxa6 17. Rb1 b6 18. Nd5 Nxd5 19. Qxd5 Ra5 20. Qb3 Be6 21. Qc3 Nc4 22. Bc1 Rxa2 23. Rb4 d5 24. Rxc4 dxc4 25. Qe5 Bd6 26. Qb5+ Kf7 27. Nh3 Ra1 28. Qb2 Be5 29. Qxa1 Bxa1 30. Ng5+ Ke7 31. Bh3 Qxh3+ 32. Nxh3 Bxh3+ 33. Ke1 Be6 34. Bf4 Kd7 35. Kd2 Bf6 36. f3 exf3 37. exf3 Bd5 38. Ke3 b5 39. Bg3 c5 40. Be1 Ke6 41. Bd2 b4 42. Bc1 b3 43. cxb3 cxb3 44. f4 b2 0-1


[Site "https://www.chess.com"]

[Event "Titled Tuesday Blitz August 16 Late 2022"]
[White "Yanchenko, Roman"]
[Black "Taboas Rodriguez, Daniel"]
[WhiteFideId "4137329"]
[BlackFideId "2208466"]
[WhiteElo "2514"]
[BlackElo "2429"]
[Result "1-0"]
[Round "04"]
[TimeControl "180+1"]
[Date "2022.08.16"]
[WhiteClock "0:01:14"]
[BlackClock "0:01:14"]

1. d4 Nf6 2. c4 g6 3. Nf3 Bg7 4. Nc3 O-O 5. Bf4 b6 6. e3 Bb7 7. Rc1 e6 8. Be2 c5 9. dxc5 bxc5 10. Bd6 Re8 11. Bxc5 d5 12. cxd5 Nxd5 13. Nxd5 Bxd5 14. O-O Bxb2 15. Rb1 Bg7 16. Bb5 Bc6 17. Nd4 Bxd4 18. Bxd4 Bxb5 19. Rxb5 Nc6 20. Bc3 Qxd1 21. Rxd1 Red8 22. Rdb1 Rab8 23. g3 Rxb5 24. Rxb5 Rb8 25. Rc5 Rb6 26. Bf6 Kf8 27. h4 Ke8 28. h5 Kd7 29. h6 Kd6 30. Rc2 e5 31. g4 Ke6 32. g5 Ra6 33. Kg2 Nb4 34. Rc8 Rxa2 35. e4 Nd3 36. Re8+ Kd6 37. Rd8+ Ke6 38. Rxd3 a5 39. Rd8 a4 40. Re8+ Kd6 41. Re7 a3 42. Rxf7 Re2 43. Rxh7 Rxe4 44. Ra7 1-0


[Site "https://www.chess.com"]

[Event "Titled Tuesday Blitz August 16 Late 2022"]
[White "Zamorano, Jorge"]
[Black "Kashtanov, Ruslan"]
[WhiteFideId "173770"]
[BlackFideId "4124871"]
[WhiteElo "2331"]
[BlackElo "2168"]
[Result "1-0"]
[Round "04"]
[TimeControl "180+1"]
[Date "2022.08.18"]
[WhiteClock "0:00:00"]
[BlackClock "0:00:00"]

1. e4 c5 2. Nf3 e6 3. d4 cxd4 4. Nxd4 Nc6 5. Nxc6 bxc6 6. Bd3 Nf6 7. O-O d5 8. Nd2 Be7 9. Qe2 O-O 10. c4 Bb7 11. f4 Qc7 12. e5 Nd7 13. Nf3 a5 14. Be3 Nc5 15. Bxc5 Bxc5+ 16. Kh1 h6 17. Rac1 Qb6 18. Bb1 Be3 19. c5 1-0


[Site "https://www.chess.com"]

[Event "Titled Tuesday Blitz August 16 Late 2022"]
[White "Zeynalov, Farid"]
[Black "Buchenau, Frank"]
[WhiteFideId "13402250"]
[BlackFideId "4604350"]
[WhiteElo "2278"]
[BlackElo "2157"]
[Result "0-1"]
[Round "04"]
[TimeControl "180+1"]
[Date "2022.08.18"]
[WhiteClock "0:00:00"]
[BlackClock "0:00:00"]

1. d4 e6 2. c4 Nf6 3. Nf3 b6 4. g3 Bb7 5. Bg2 Be7 6. O-O O-O 7. Nc3 Ne4 8. Qc2 Nxc3 9. Qxc3 f5 10. Rd1 Bf6 11. Qc2 Be4 12. Qb3 d6 13. Ne1 Bxg2 14. Nxg2 Nc6 15. e3 Qd7 16. Bd2 e5 17. Bc3 e4 18. Qc2 g5 19. b4 a5 20. b5 Ne7 21. a4 d5 22. c5 Ng6 23. Bb2 f4 24. cxb6 cxb6 25. Qc6 Qxc6 26. bxc6 f3 27. Ne1 Rac8 28. Rdc1 Rf7 29. Ba3 Rfc7 30. Rab1 Rxc6 31. Rxc6 Rxc6 32. Rb5 Be7 33. Bb2 Bb4 34. Kf1 Ne7 35. h3 Kf7 36. g4 Ke6 0-1


[Site "https://www.chess.com"]

[Event "Titled Tuesday Blitz August 16 Late 2022"]
[White "Zivkovic, Nemanja"]
[Black "Swiercz, Dariusz"]
[WhiteFideId "942154"]
[BlackFideId "1126881"]
[WhiteElo "2372"]
[BlackElo "2627"]
[Result "1-0"]
[Round "04"]
[TimeControl "180+1"]
[Date "2022.08.16"]
[WhiteClock "0:00:30"]
[BlackClock "0:00:03"]

1. e4 c5 2. Nf3 Nc6 3. g3 g6 4. Bg2 Bg7 5. O-O d6 6. d3 e5 7. Nc3 Nge7 8. Nd2 O-O 9. Nc4 Rb8 10. a4 a6 11. a5 Be6 12. Nd5 Nb4 13. Nxb4 cxb4 14. Nb6 Nc6 15. Be3 f5 16. exf5 gxf5 17. f4 exf4 18. Rxf4 Bxb2 19. Rb1 Be5 20. Rh4 Bf6 21. Rf4 Bg5 22. Rf3 Qf6 23. Qd2 Bxe3+ 24. Rxe3 Rbe8 25. Nd5 Bxd5 26. Bxd5+ Kg7 27. Bxc6 bxc6 28. Rxb4 Rxe3 29. Qxe3 Rf7 30. Qd4 c5 31. Qxf6+ Rxf6 32. Rb6 d5 33. Kf2 Kf7 34. Ke3 Re6+ 35. Kf4 Re2 36. c4 dxc4 37. dxc4 Rxh2 38. Rxa6 Rc2 39. Kxf5 Rxc4 40. Ra7+ Kg8 41. Kf6 h5 42. Rc7 Rc3 43. a6 Rf3+ 44. Ke5 Ra3 45. a7 c4 46. Rc8+ Kf7 47. a8=Q Rxa8 48. Rxa8 Kg6 49. Kf4 1-0


[Site "https://www.chess.com"]

[Event "Titled Tuesday Blitz August 16 Late 2022"]
[White "Zou, Chen"]
[Black "Rasulov, Vugar"]
[WhiteFideId "8610959"]
[BlackFideId "13402390"]
[WhiteElo "2276"]
[BlackElo "2509"]
[Result "0-1"]
[Round "04"]
[TimeControl "180+1"]
[Date "2022.08.16"]
[WhiteClock "0:00:06"]
[BlackClock "0:00:16"]

1. d4 Nf6 2. c4 g6 3. Nc3 d5 4. cxd5 Nxd5 5. e4 Nxc3 6. bxc3 Bg7 7. Bc4 c5 8. Ne2 Nc6 9. Be3 O-O 10. O-O Na5 11. Bd3 b6 12. Rc1 Qc7 13. h4 e5 14. h5 Qe7 15. h6 Bh8 16. dxe5 Rd8 17. c4 Nc6 18. f4 Nb4 19. Rc3 Bb7 20. a3 Nxd3 21. Rxd3 Bxe4 22. Rxd8+ Rxd8 23. Qe1 Bd3 24. Rf3 Bxc4 25. Nc3 f6 26. Ne4 Bd5 27. Nxf6+ Bxf6 28. exf6 Qxf6 29. Rg3 Re8 30. Qf2 Be4 31. Bd2 Rd8 32. Re3 Bc6 33. Bc3 Rd1+ 34. Re1 Qd6 35. Be5 Qd5 36. Rxd1 Qxd1+ 37. Kh2 Kf7 38. Qh4 Qh5 39. Qxh5 gxh5 40. Bb8 c4 41. Bxa7 b5 42. Kg3 Ke6 43. Kf2 h4 44. Bb6 Kf5 45. Ke3 Bxg2 46. Kf2 h3 47. Kg3 c3 48. Be3 c2 49. Bc1 Ke4 50. Kh2 Kd3 51. f5 Ke2 52. f6 Bd5 53. Kxh3 Kd1 54. Bf4 c1=Q 55. Bxc1 Kxc1 56. Kh4 Kb2 57. Kg4 Kxa3 58. Kf5 b4 59. Ke5 Bf7 60. Kd6 b3 61. Ke7 Bg6 62. f7 Bxf7 63. Kxf7 b2 64. Kg8 b1=Q 65. Kh8 Kb4 0-1


[Site "https://www.chess.com"]